 Dungeon Crawl Stone Soup version 0.26-b1-32-g5d43845318 (webtiles) character file.

Game seed: 7034296476324469003

277 Borgoz the Skirmisher (level 6, -1/53 HPs)
             Began as a Ghoul Fighter on Jan 12, 2021.
             Killed from afar by an orc wizard (5 damage)
             ... with a puff of flame
             ... on level 4 of the Dungeon.
             The game lasted 00:02:56 (2523 turns).

Borgoz the Skirmisher (Ghoul Fighter)               Turns: 2523, Time: 00:02:56

Health: -1/53      AC:  7    Str: 20    XL:     6   Next: 25%
Magic:  5/5        EV:  7    Int:  3    God:
Gold:   114        SH:  9    Dex: 10    Spells: 5/5 levels left

rFire    . . .     SeeInvis .     - Unarmed
rCold    + . .     Faith    .   b - +0 kite shield
rNeg     + + +     Spirit   .   a - +0 scale mail
rPois    ∞         Reflect  .   (no helmet)
rElec    .         Harm     .   (no cloak)
rCorr    .         Rampage  .   (no gloves)
Will     .....                  (no boots)
Stlth    ..........             (no amulet)
HPRegen  0.00/turn              (no ring)
MPRegen  0.09/turn              (no ring)

@: mighty
A: claws 1, cold resistance 1, negative energy resistance 3, inhibited
regeneration, torment resistance, unbreathing
a: no special abilities


You were on level 4 of the Dungeon.
You visited 1 branch of the dungeon, and saw 4 of its levels.

You collected 114 gold pieces.

Inventory:

Armour
 a - a +0 scale mail (worn)
 b - a +0 kite shield (worn)
Jewellery
 t - an uncursed ring of fire
Wands
 j - a wand of flame (26)
 v - a wand of polymorph (9)
Scrolls
 e - a scroll of magic mapping {unknown}
 g - a scroll of fear {unknown}
 h - a scroll of immolation {unknown}
 i - 4 scrolls of teleportation {unknown}
 l - a scroll of remove curse {unknown}
 n - 5 scrolls of identify {unknown}
 o - 2 scrolls of enchant armour {unknown}
 p - 3 scrolls of amnesia {unknown}
 q - a scroll of random uselessness {unknown}
 s - 2 scrolls of blinking {unknown}
Potions
 c - a potion of might
 d - a potion of degeneration {unknown}
 f - 2 potions of curing
 k - a potion of flight {unknown}
 m - a potion of lignification {unknown}
 r - a potion of attraction {unknown}
 u - a potion of experience {unknown}


   Skills:
 + Level 4.7 Fighting
 + Level 3.9 Armour
 + Level 3.7 Shields
 + Level 4.0 Unarmed Combat


You had 5 spell levels left.
You didn't know any spells.
Your spell library was empty.

Dungeon Overview and Level Annotations

Branches:
Dungeon (4/15)
 Temple: D:4-7

Altars:
Dithmenos


Innate Abilities, Weirdness & Mutations

You thrive by killing the living.
You are immune to poison.
You have sharp fingernails.
Your flesh is cold resistant. (rC+)
You are immune to negative energy. (rN+++)
You do not regenerate when monsters are visible.
You are immune to unholy pain and torment.
You can survive without breathing.


Message History

Something hits you.
* * * LOW HITPOINT WARNING * * *
The adder bites you.
* * * LOW HITPOINT WARNING * * *
You block the orc's attack.
You feel better. Something completely misses you. The adder barely misses you.
You block the orc's attack.
Something hits you but does no damage. x2
You feel better. The adder barely misses you. Something hits you.
* * * LOW HITPOINT WARNING * * *
You block the orc's attack. Something hits you!
* * * LOW HITPOINT WARNING * * *
The adder bites you but does no damage.
You claw the orc!
You kill the orc!
You feel better. You block something's attack. The adder bites you.
* * * LOW HITPOINT WARNING * * *
You hear some strange, mumbled words.
A puff of flame appears from out of thin air!
The puff of flame hits you.
You die...

#..#.(......##. ....
#..#.###....... ....
#....# #.)##... .....
##.### #)####.. .....
###+### #..##... ......
#.....###.......
......###.[..........##.
......S.............###.
......{@######......# ..
####'#.)# #.........
#...... #.......#..
.......# #######....
#..#..... .###
......#..## # .#..#.#..#
#..#.#..#


You could see an adder.

Vanquished Creatures
  A hound (D:4)
  2 orc priests (D:4)
  An orc wizard (D:4)
  An iguana (D:4)
  A worker ant (D:2)
  An adder (D:2)
  An ooze (D:4)
  A worm (D:4)
  A dart slug (D:2)
  3 leopard geckos
  7 orcs
  A ball python (D:3)
  6 giant cockroaches
  7 hobgoblins
  7 jackals
  A quokka (D:2)
  3 bats
  3 frilled lizards
  12 goblins
  9 kobolds
  9 rats
78 creatures vanquished.

Vanquished Creatures (others)
  A plant (D:1)
1 creature vanquished.

Grand Total: 79 creatures vanquished

Notes
Turn   | Place    | Note
-------+----------+-------------------------------------------
     0 | D:1      | Borgoz the Ghoul Fighter began the quest for the Orb.
     0 | D:1      | Reached XP level 1. HP: 19/19 MP: 0/0
   183 | D:1      | Reached XP level 2. HP: 26/26 MP: 1/1
   504 | D:1      | You fall into a shaft and drop 1 floor!
   549 | D:2      | Reached XP level 3. HP: 32/33 MP: 2/2
   994 | D:2      | Reached XP level 4. HP: 40/40 MP: 3/3
  2166 | D:4      | Reached XP level 5. HP: 41/46 MP: 4/4
  2317 | D:4      | Found a shadowy altar of Dithmenos.
  2511 | D:4      | Reached XP level 6. HP: 13/53 MP: 5/5
  2523 | D:4      | Killed from afar by an orc wizard

Illustrated notes

Levels and vault maps discovered:
D:1:      matt_arrival_refuge, layout_rooms, serial_bayou,
          serial_bayou_crossing, serial_bayou_pond_b, serial_bayou_pond_d,
          serial_bayou_lagoon_b, serial_bayou_shore_b, serial_bayou_shore_a
D:2:      minmay_recursive_quarters, layout_basic, hangedman_decor_slide_cut,
          grunt_decor_resistance
D:3:      layout_basic, wad_rectangle_vault
D:4:      layout_basic, nicolae_dithmenos_shadow_blocks

Skill      XL: |  1  2  3  4  5  6 |
---------------+-------------------+-----
Armour         | 3 |  3.9
Unarmed Combat | 3 4 |  4.0
Shields        | 3 |  3.7
Fighting       | 4 |  4.7

Action                   |  1- 3 |  4- 6 || total
-------------------------+-------+-------++-------
Melee: Unarmed           |   107 |   178 ||   285
  Use: Potion            |       |     4 ||     4
Armor: Scale mail        |    66 |    93 ||   159
Dodge: Dodged            |    40 |    54 ||    94
Block: Kite shield       |    67 |   101 ||   168
